 Dungeon Crawl Stone Soup version 0.26-b1-59-ge38874ec40 (webtiles) character file.

Game seed: 14618854424363139748

175 raceaflais the Skirmisher (level 5, -2/49 HPs)
             Began as a Palentonga Abyssal Knight on Jan 8, 2021.
             Was a Believer of Lugonu.
             Slain by a bullfrog (3 damage)
             ... on level 4 of the Dungeon.
             The game lasted 00:07:17 (3674 turns).

raceaflais the Skirmisher (PaAK)                    Turns: 3674, Time: 00:07:17

Health: -2/49      AC:  7    Str: 16    XL:     5   Next: 29%
Magic:  6/6        EV:  8    Int: 12    God:    Lugonu [**....]
Gold:   250        SH:  5    Dex: 10    Spells: 4/4 levels left

rFire    . . .     SeeInvis +   u - +0 short sword
rCold    . . .     Faith    .   e - +2 buckler
rNeg     . . .     Spirit   .   g - +0 ring mail
rPois    .         Reflect  .   (no helmet)
rElec    .         Harm     .   (no cloak)
rCorr    .         Rampage  .   h - +0 pair of gloves
Will     .....                  (no barding)
Stlth    +.........             s - amulet of the acrobat
HPRegen  0.16/turn              (no ring)
MPRegen  0.10/turn              (no ring)

@: about to teleport
A: large, rugged brown scales 3, see invisible, deformed body, roll 1, armoured
tail
a: Rolling Charge, Renounce Religion, Depart the Abyss, Bend Space


You were on level 4 of the Dungeon.
You worshipped Lugonu.
Lugonu was pleased with you.
You visited 1 branch of the dungeon, and saw 4 of its levels.
You visited the Abyss 1 time.

You collected 250 gold pieces.

Inventory:

Hand Weapons
 u - a +0 short sword (weapon)
Missiles
 i - 2 curare-tipped darts
 n - a throwing net
 r - 15 poisoned darts
 t - 8 boomerangs
Armour
 e - a +2 buckler (worn)
 g - a +0 ring mail (worn)
 h - a +0 pair of gloves (worn)
Jewellery
 s - an amulet of the acrobat (around neck)
Scrolls
 c - a scroll of fear {unknown}
 d - 2 scrolls of remove curse {unknown}
 f - a scroll of teleportation
 k - a scroll of enchant armour {unknown}
 l - a scroll of immolation {unknown}
 v - a scroll of enchant weapon {unknown}
Potions
 p - a potion of brilliance


   Skills:
 + Level 4.2 Fighting
 + Level 1.3 Short Blades
 + Level 2.8 Axes
 + Level 2.4 Armour
 + Level 1.3 Dodging
 + Level 0.3 Stealth
 + Level 2.5 Invocations


You had 4 spell levels left.
You didn't know any spells.
Your spell library was empty.

Dungeon Overview and Level Annotations

Branches:
Dungeon (4/15)
 Temple: D:4-7

Altars:
Okawaru

Annotations:
D:4 Robin


Innate Abilities, Weirdness & Mutations

You are completely covered in rugged brown scales. (AC +3, +7% HP)
You have supernaturally acute eyesight. (SInv)
Armour fits poorly on your strangely shaped body.
You can roll at nearby foes to attack.
You have a long armoured tail.


Message History

* * * LOW HITPOINT WARNING * * *
The bullfrog hits you.
* * * LOW HITPOINT WARNING * * *
You closely miss the bullfrog. You tail-slap the bullfrog.
The bullfrog is heavily wounded.
The bullfrog hits you but does no damage.
The bullfrog closely misses you.
You hit the bullfrog.
The bullfrog is severely wounded.
The bullfrog hits you but does no damage. x2
You closely miss the bullfrog.
The bullfrog is severely wounded.
The bullfrog hits you.
* * * LOW HITPOINT WARNING * * *
Okay, then.
As you read the scroll labelled CAG GA ISME, it crumbles to dust.
You feel strangely unstable.
It was a scroll of teleportation.
The bullfrog hits you but does no damage.
The bullfrog hits you.
You die...

.# .# .# .# .# ##
.# (
##.#######.###.#
# .......@Fgl...#
####
##'####.##..#.#
.... ##.⌠ ##..#
..... ###. ##..
##..## .#.###
<...
##...##..#...##.#
##...##..###.## #
+.⌠.''....# .##
##..[##....#.. #
..##...##.......
#.


You could see a bullfrog, a goblin and a frilled lizard.

Vanquished Creatures
  An orc priest (D:3)
  A hound skeleton (D:4)
  6 adders
  An ooze (D:4)
  4 worms
  2 leopard geckos (D:3)
  2 orcs (D:4)
  A ball python (D:2)
  4 bats
  2 giant cockroaches
  4 goblins
  5 hobgoblins
  5 jackals
  2 quokkas
  8 frilled lizards
  7 kobolds
  A quokka skeleton (D:4)
  3 rats
59 creatures vanquished.

Vanquished Creatures (others)
  An orc (D:3)
  7 toadstools (D:1)
8 creatures vanquished.

Grand Total: 67 creatures vanquished

Notes
Turn   | Place    | Note
-------+----------+-------------------------------------------
     0 | Abyss:1  | raceaflais the Palentonga Abyssal Knight began the quest
                  | for the Orb.
     0 | Abyss:1  | Reached XP level 1. HP: 20/20 MP: 2/2
    12 | D:1      | Escaped the Abyss
   886 | D:2      | Reached XP level 2. HP: 27/27 MP: 3/3
  1009 | D:2      | Reached XP level 3. HP: 20/33 MP: 4/4
  1199 | D:2      | Found an iron altar of Okawaru.
  1377 | D:2      | Reached skill level 1 in Dodging
  1401 | D:2      | Reached ** piety under Lugonu
  1629 | D:2      | Reached XP level 4. HP: 35/42 MP: 5/5
  2993 | D:4      | Noticed Robin
  2993 | D:4      | Noticed an ogre
  3138 | D:3      | Reached skill level 4 in Fighting
  3138 | D:3      | Reached skill level 1 in Short Blades
  3138 | D:3      | Reached XP level 5. HP: 32/49 MP: 6/6
  3673 | D:4      | HP: 1/49 [bullfrog (6)]
  3674 | D:4      | Slain by a bullfrog

Illustrated notes

Levels and vault maps discovered:
D:1:      nagdon_arrival_double_spiral, layout_loops_ring
D:2:      layout_basic, okawaru_gym_becter
D:3:      layout_basic, st_stairs_5
D:4:      layout_loops_ring, grunt_decor_arrowhead, uniq_robin,
          uniq_crazy_yiuf_cottage

Skill      XL: |  1  2  3  4 |
---------------+-------------+-----
Armour         | 2 |  2.4
Dodging        | 1 |  1.3
Fighting       | 4 |  4.2
Short Blades   | 1 |  1.3
Axes           | |  2.8
Stealth        | |  0.3
Invocations    | |  2.5

Action                   |  1- 3 |  4- 6 || total
-------------------------+-------+-------++-------
Melee: Hand axe          |    77 |    15 ||    92
       Tailslap          |     7 |    16 ||    23
       Short sword       |       |   134 ||   134
 Abil: Rolling Charge    |    12 |     8 ||    20
  Use: Potion            |       |     9 ||     9
       Scroll            |       |     4 ||     4
 Stab: Invisible         |       |     1 ||     1
Armor: Leather armour    |    28 |    34 ||    62
       Ring mail         |       |    42 ||    42
Dodge: Dodged            |    19 |    96 ||   115
Block: Buckler           |       |    19 ||    19
